 Dungeon Crawl Stone Soup version 0.30-a0-918-g0ff054e9dc (webtiles) character file.

Game seed: 181370008843013400

324324 demibob the Executioner (level 21, -21/211 HPs)
             Began as a Hill Orc Wanderer on Mar 20, 2023.
             Was the Champion of Okawaru.
             Killed by a malign offering
             ... invoked by a deep elf high priest
              (31 damage)
             ... on level 3 of the Elven Halls.
             The game lasted 01:22:26 (48933 turns).

demibob the Executioner (Hill Orc Wanderer)        Turns: 48933, Time: 01:22:27

Health: -21/211    AC: 33    Str: 25    XL:     21   Next: 59%
Magic:  9/9        EV: 17    Int: 16    God:    Okawaru [******]
Gold:   3097       SH:  0    Dex: 21    Spells: 22/23 levels left

rFire   + + +      SeeInvis .    a - +9 executioner's axe of Von Moyl {antimagic, rCorr Int+2 Dex+3}
rCold   . . .      Faith    .    (shield currently unavailable)
rNeg    . . .      Spirit   .    K - +5 fire dragon scales
rPois   +          Reflect  .    r - +2 helmet of Vigorous {rC+}
rElec   .          Rampage  +    p - +0 cloak
rCorr   +                        l - +0 pair of gloves
Will    ++...                    z - +2 pair of boots {rampage} Stlth
                                 y - amulet "Oryileel" {RegenMP Drain Fly Str+6 Dex+3}
HPRegen 0.00/turn                A - ring of Vuebadd {rPois rF+}
MPRegen 0.51/turn                W - ring of willpower

@: sick, flying, studying Shields
A: no striking features
}: 2/15 runes: decaying, gossamer
a: Renounce Religion, Heroism, Finesse, Duel


You were on level 3 of the Elven Halls.
You worshipped Okawaru.
Okawaru was exalted by your worship.
You visited 8 branches of the dungeon, and saw 38 of its levels.
You visited the Abyss 1 time.
You also visited: Sewer, Bailey and Volcano.

You collected 5764 gold pieces.
You spent 2667 gold pieces at shops.


   Skills:
 + Level 23.3 Fighting
 + Level 25.9 Axes
 - Level 6.1 Staves
 - Level 22.9 Armour
 + Level 10.5 Dodging
 - Level 1.5 Spellcasting
 - Level 1.1 Fire Magic
 - Level 9.3 Invocations
 - Level 8.0 Evocations


You had 22 spell levels left.
You knew the following spells:

 Your Spells              Type           Power      Damage    Failure   Level
f - Foxfire               Conj/Fire      12%        2x1d4     28%         1

Your spell library contained the following spells:

 Spells                   Type           Power      Damage    Failure   Level
 Scorch                   Fire           8%         2d5       34%         2
 Apportation              Tloc           2%         N/A       36%         1
 Beastly Appendage        Tmut           2%         N/A       36%         1
 Necrotise                Necr           4%         1d4       36%         1
 Shock                    Conj/Air       4%         1d3       36%         1
 Lesser Beckoning         Tloc           2%         N/A       50%         2
 Static Discharge         Conj/Air       2%         2-3/arc   50%         2
 Wereblood                Tmut           1%         N/A       50%         2
 Inner Flame              Hex/Fire       3%         N/A       65%         3
 Ignite Poison            Fire/Tmut/Pois 2%         N/A       67%         3
 Frozen Ramparts          Ice            2%         1d1       73%         3
 Gell's Gravitas          Tloc           1%         N/A       73%         3
 Ozocubu's Armour         Ice            1%         N/A       73%         3
 Portal Projectile        Hex/Tloc       2%         N/A       73%         3
 Spider Form              Tmut/Pois      1%         N/A       73%         3
 Swiftness                Air            1%         N/A       73%         3
 Teleport Other           Tloc           1%         N/A       73%         3
 Vhi's Electric Charge    Tloc/Air       2%         N/A       73%         3
 Flame Wave               Conj/Fire      3%         2d5       96%         4
 Sticky Flame             Conj/Fire      3%         2d3       96%         4
 Airstrike                Air            0%         2d(1-17)  98%         4
 Dispel Undead            Necr           1%         3d6       98%         4
 Ice Form                 Ice/Tmut       1%         N/A       98%         4
 Leda's Liquefaction      Hex/Erth       0%         N/A       98%         4
 Alistair's Intoxication  Tmut/Pois      0%         N/A       100%        5
 Arcjolt                  Conj/Air       0%         1d10      100%        5
 Fireball                 Conj/Fire      1%         3d3       100%        5
 Metabolic Englaciation   Hex/Ice        0%         N/A       100%        5
 Plasma Beam              Fire/Air       1%         2x1d12    100%        5
 Dispersal                Tloc           0%         N/A       100%        6
 Starburst                Conj/Fire      1%         6d3       100%        6
 Maxwell's Capacitive Co  Air            0%         ∞         100%        8
 Call Canine Familiar     Summ           Unusable   N/A       N/A         3
 Summon Ice Beast         Ice/Summ       Unusable   N/A       N/A         4
 Simulacrum               Ice/Necr       Unusable   N/A       N/A         6
 Summon Cactus Giant      Summ           Unusable   N/A       N/A         6
 Infestation              Necr           Unusable   N/A       N/A         8

Inventory:

Hand Weapons
 a - the +9 executioner's axe of Von Moyl (weapon) {antimagic, rCorr Int+2 Dex+3}
   (Okawaru gifted it to you on level 4 of the Lair of Beasts)

   Int:       It affects your intelligence (+2).
   Dex:       It affects your dexterity (+3).
   rCorr:     It protects you from acid and corrosion.
 b - a +1 broad axe of flaming
 v - a +2 heavy executioner's axe
Armour
 l - a +0 pair of gloves (worn)
 p - a +0 cloak (worn)
 r - the +2 helmet of Vigorous (worn) {rC+}
   (You found it on level 4 of the Dungeon)

   rC:        It protects you from cold.
 w - a +0 pair of boots of flying
 z - a +2 pair of boots of rampaging (worn)
 K - +5 fire dragon scales (worn)
 U - the +2 shield of Resistance {rF++ rC++ Will++}
   (Okawaru gifted it to you on level 15 of the Dungeon)

   rF:        It greatly protects you from fire.
   rC:        It greatly protects you from cold.
   Will:      It greatly increases your willpower.
Jewellery
 y - the amulet "Oryileel" (around neck) {RegenMP Drain Fly Str+6 Dex+3}
   (You found it in a bailey)

   [amulet of magic regeneration]

   It increases your rate of magic regeneration.
   Str:       It affects your strength (+6).
   Dex:       It affects your dexterity (+3).
   Fly:       It grants you flight.
   Drain:     It drains your maximum health when unequipped.
 A - the ring of Vuebadd (left hand) {rPois rF+}
   (You bought it in a shop on level 7 of the Dungeon)

   [ring of protection from fire]

   rF:        It protects you from fire.
   rPois:     It protects you from poison.
 C - a ring of protection from cold
 E - a +5 ring of evasion
 N - a ring of positive energy
 R - a ring of resist corrosion
 W - a ring of willpower (right hand)
Wands
 e - a wand of digging (10)
 t - a wand of mindburst (54)
 u - a wand of flame (40)
 x - a wand of paralysis (7)
 D - a wand of polymorph (6)
 P - a wand of acid (10)
 Q - a wand of roots (33)
Scrolls
 g - 7 scrolls of teleportation {@r2}
 i - a scroll of blinking
 q - 4 scrolls of magic mapping
 G - 2 scrolls of silence {!r}
 H - 4 scrolls of fog
 M - a scroll of brand weapon
 X - 2 scrolls of enchant weapon
 Y - 2 scrolls of poison
 Z - 4 scrolls of fear
Potions
 c - 5 potions of mutation
 h - 7 potions of cancellation
 j - 5 potions of haste {@q3}
 k - 2 potions of berserk rage {!q}
 s - 6 potions of flight
 B - 4 potions of invisibility
 J - 13 potions of ambrosia
 S - 7 potions of might
 T - 13 potions of curing {@q1}
 V - 4 potions of resistance
Miscellaneous
 d - a condenser vane (inert)
 I - a piece from Xom's chessboard (15/15)

Dungeon Overview and Level Annotations

Branches:
Dungeon (15/15)            Temple (1/1) D:7            Lair (5/5) D:9
  Swamp (4/4) Lair:3       Spider (4/4) Lair:2        Slime (0/5) Lair:5
    Orc (2/2) D:10            Elf (3/3) Orc:2        Vaults (4/5) D:14
  Crypt (0/3) Vaults:3     Depths (0/4) D:15          Sewer (visited)
 Bailey (visited)         Volcano (visited)

Altars:
Ashenzari
Cheibriados
Dithmenos
Elyvilon
Fedhas
Gozag
Hepliaklqana
Kikubaaqudgha
Makhleb
Nemelex Xobeh
Okawaru
Qazlal
Ru
Sif Muna
Trog
Uskayaw
Vehumet
Wu Jian
Xom
Yredelemnul
Zin
The Shining One
Jiyva

Shops:
D:7 =(*[   Orc:2 (![?   Elf:1 :   Elf:3 :   Vaults:4 :![::

Portals:
Trove: D:15 (give 20 potions of curing)

Annotations:
D:14 2 transporters, Iich's ghost, journeyman DsFi
Swamp:4 2 transporters, ytrimaz's ghost, adept DrCj
Spider:3 1 runed translucent door, jasper's ghost, adept DsBe
Orc:2 3 runed translucent doors, Axe's ghost, journeyman MiFi
Elf:2 3 runed translucent doors
Elf:3 3 runed translucent doors, Mayja's ghost, veteran DDBe
Vaults:3 2 transporters, jejorda2's ghost, adept MfBe

*********
****,,,,,,,****
*,,,,,,*,,,,,,*
▒▒▒▒▒▒▒,,*,,,,,,,*,,*
▒$)☼@○▒▒,,,**+**,,,**
▒$☼e▒☼.▒▒▒▒▒,,,*****,
*▒$☼☼▒☼{▒...▒.,^*,,,*,
▒($)▒▒.......e,,,,,,,,
▒$.$▒.e...▓,,,,,,,*,,,
*▒$[}▒.§e▓▓▓*,,⌠,,*****
*[[)*▒..e▓,,,,,,,,,,,*,
▒$▓)▒....e.,,,,,,,,,,,,
**,,,▒..▒▒▒..▒******,,**


You could see a deep elf blademaster, a deep elf sorcerer, a deep elf
elementalist (repels missiles), 2 deep elf high priests and a +0 battleaxe of
flaming.


Message History

* * * LOW HITPOINT WARNING * * *
A deep elf demonologist comes into view.
It is wielding a +0 short sword.
Okay, then.
Blink to where?
Press: ? - help, Dir - move target
As you read the scroll of blinking, it crumbles to dust.
Blink to where?
Press: ? - help, Dir - move target
As you read the scroll of blinking, it crumbles to dust.
Your surroundings suddenly seem different.
A deep elf high priest, a deep elf elementalist, a deep elf sorcerer and a +0 battleaxe of flaming come into view.
The deep elf elementalist shouts!
You hear a shout! x5
A deep elf high priest comes into view. It is wielding a +0 long sword.
A deep elf demonologist comes into view.
It is wielding a +1 long sword of holy wrath.
Enter note: game over lol
Okay, then.
Blink to where?
Press: ? - help, Dir - move target A deep elf blademaster comes into view.
It is wielding two +0 short swords.
Found eleven items.
As you read the scroll of blinking, it crumbles to dust.
The deep elf blademaster shouts!
You hear a shout! x2
The deep elf blademaster completely misses you.
The deep elf blademaster hits you but does no damage. x3
The deep elf elementalist casts a spell at you.
The freezing blast engulfs you.
* * * LOW HITPOINT WARNING * * *
The deep elf high priest utters a dark prayer and points at you.
Your life force is offered up.
You die...

Skill      XL: |  1  2  3  4  5  6  7  8  9 10 11 12 13 14 15 16 17 18 19 20 21 |
---------------+----------------------------------------------------------------+-----
Staves         | 3 4 5 6 |  6.1
Armour         | 3 4 5 6 8 10 11 13 14 16 18 19 22 | 22.9
Axes           | 4 8 12 15 16 19 21 22 24 25 | 25.9
Fighting       | 5 7 9 11 12 16 17 20 21 22 23 | 23.3
Dodging        | 4 6 7 8 10 | 10.5
Invocations    | 5 9 |  9.3
Evocations     | 4 8 |  8.0
Spellcasting   | |  1.5
Fire Magic     | |  1.1

Action                     |  1- 3 |  4- 6 |  7- 9 | 10-12 | 13-15 | 16-18 | 19-21 || total
---------------------------+-------+-------+-------+-------+-------+-------+-------++-------
  Melee: Quarterstaff      |    90 |   157 |   375 |       |       |       |       ||   622
         War axe           |       |       |    20 |   226 |       |       |       ||   246
         Broad axe         |       |       |       |   119 |     8 |       |    62 ||   189
         Punch             |       |       |       |     5 |       |       |     3 ||     8
         Battleaxe         |       |       |       |   225 |   642 |       |       ||   867
         Executioner's axe |       |       |       |       |   276 |  1027 |  1132 ||  2435
 Invoke: Heroism           |       |       |       |     1 |     2 |       |     1 ||     4
  Evoke: Wand              |       |       |       |     3 |     3 |    10 |     2 ||    18
         Condenser vane    |       |       |       |       |     1 |     3 |     3 ||     7
    Use: Scroll            |     2 |     8 |     3 |    14 |    13 |    14 |     6 ||    60
         Potion            |       |       |     1 |     6 |     3 |     7 |     2 ||    19
   Stab: Paralysed         |       |       |       |     5 |     7 |     1 |       ||    13
         Confused          |       |       |       |       |       |       |     1 ||     1
         Distracted        |       |       |       |       |       |       |     1 ||     1
 Armour: Leather armour    |    29 |    60 |    98 |       |       |       |       ||   187
         Chain mail        |       |       |    65 |    87 |       |       |       ||   152
         Plate armour      |       |       |       |    68 |       |       |       ||    68
         Fire dragon scale |       |       |       |    76 |   263 |   532 |   478 ||  1349
  Dodge: Dodged            |    58 |   103 |   192 |   310 |   559 |   986 |   736 ||  2944

Levels and vault maps discovered:
D:1:      noname_arrival_rooms_in_the_neighbourhood, layout_basic,
          hellmonk_ecumenical_altar_zigzags, chequers_serial_rivers_micro_d
D:2:      layout_loops_corners, roderic_serpentine_path, serial_bayou_crossing
D:3:      layout_rooms
D:4:      layout_cave_pools, lemuel_crystal_altar, portal_sewer_entry_d
D:5:      minmay_polygon_palace, layout_loops_cross,
          mainiacjoe_overflow_alcove_4, lemuel_mausoleum_altar_yredelemnul,
          chei_slow_surprise, nicolae_uskayaw_dance_hall
D:6:      layout_basic, kennysheep_mini_moat, mainiacjoe_overflow_tiny_flanked
D:7:      layout_gridville, xom_teletrap_fun,
          minmay_temple_entry_statues_pillars, serial_shops,
          nicolae_shop_overgrown_old_shop, nicolae_inconvenience_store,
          nicolae_take_the_stairs, shop, grunt_ministairs_10, hellmonk_no_cap
D:8:      layout_loops_ring, enter_bailey_3, uniq_maggie
D:9:      layout_rooms, mainiacjoe_overflow_surrounded_room,
          nicolae_overflow_crystal_walls, dpeg_lair_monsters
D:10:     layout_basic, okawaru_metal_pillars_1_2, orc_0_dummy,
          chequers_decorated_corner
D:11:     layout_irregular_city
D:12:     layout_loops_ring, serial_bayou_pond_c, uniq_jorgrun
D:13:     layout_roguey
D:14:     layout_basic, hangedman_vaults_entry_quadrant_bands,
          gammafunk_ghost_wrathful_warriors, nicolae_vehumet_radiance,
          minmay_mirror_moons_of_madness, uniq_josephine
D:15:     grunt_enter_depths_magical_seal, layout_rooms, minmay_misc_feat_tower,
          nicolae_trove_entry_columns, serial_corexii_hall,
          chequers_hall_statues_corner_a, chequers_hall_statues_corner_a,
          corexii_hall_statues_i, chequers_hall_statues_corner_a,
          corexii_hall_statues_x, corexii_hall_statues_u, grunt_ministairs_7,
          nemelex_diamond_rough_becter, uniq_rupert
Temple:   minmay_temple_curvy_loop
Lair:1:   layout_gridlike, lightli_volcano_entry_magma_tube
Lair:2:   layout_roguey, spider_nest_entry_rubble, st_stairs_13,
          chequers_serial_rivers_small_a, nicolae_quartered_pool_super,
          beast_lair_carwin_9, infiniplex_staircase_pool_2
Lair:3:   layout_regular_city, nicolae_swamp_entry_splash_gauntlet,
          grunt_forest_stairs_clearing, infiniplex_staircase_pool
Lair:4:   layout_gridlike, serial_bayou_shore_b
Lair:5:   wormcave, layout_gridlike, guppyfry_lair_end_dragon,
          minmay_slime_entry_pillars, chequers_serial_rivers_small_a,
          grunt_megastairs_3
Swamp:1:  layout_falls_marsh, evilmike_swamp_ruin_wall
Swamp:2:  layout_basic_swamp, nicolae_swamp_tree_isthmus
Swamp:3:  layout_basic_swamp, evilmike_swamp_ruin_house_4, swamp_pool3
Swamp:4:  swamp_basic_johnstein, layout_basic_swamp,
          gammafunk_ghost_berserking_beasts
Spider:1: layout_spider_delve, nicolae_spider_solar_radiation
Spider:2: layout_chambers, uniq_kirke
Spider:3: layout_spider_delve, ebering_ghost_inner_flame,
          nicolae_spider_nooks_and_crannies, uniq_agnes
Spider:4: hellmonk_spider_rune_bug_friends, special_room [special_room_bee],
          uniq_arachne, uniq_nikola
Orc:1:    cheibrodos_orc_arena, layout_diamond_mine, small_statue_alley_c,
          uniq_fannar
Orc:2:    st_orc_mages, layout_caves, portal_ice_cave_entry_ice_simulacra,
          ebering_ghost_rock_garden, uniq_maurice
Elf:1:    layout_onion_city, serial_shops, shop, minmay_elf_necromancy,
          grunt_ministairs_5, nrook_loot_triangle, amethyst_killhole
Elf:2:    nicolae_elf_blades_splatter_lattice
          [nicolae_blade_entry_diamond_columns], layout_geoelf_octagon,
          dk_noncrumbling_2, einodemon_barbed_minivault
Elf:3:    minmay_elf_hall_furrowed, layout_geoelf_octagon, serial_shops,
          shop_statue, gammafunk_ghost_ooze, minivault_26
Vaults:1: nicolae_vaults_ring_of_whatevers, grunt_vaults_swirl,
          grunt_vaults_diagonal, nicolae_vaults_big_ls,
          ontoclasm_vaults_decontamination, hangedman_vaults_snaps,
          nicolae_vaults_little_squares_3, ontoclasm_vaults_loading_screen,
          vaults_room_fancy_cross, nicolae_vaults_shelves_hall,
          layout_vaults_omnibox
Vaults:2: nicolae_vaults_ring_of_whatevers, nicolae_vaults_network_square,
          nicolae_vaults_little_squares_6, nicolae_vaults_little_squares_6,
          ontoclasm_vaults_hangar, hangedman_vaults_trim, grunt_vaults_funnel,
          v_misc_26, v_rooms_5, nicolae_vaults_holding_cells,
          ontoclasm_vaults_ring_square, vaults_room_door_ring,
          vaults_standard_mumra_x, layout_vaults_maze_snakey, uniq_margery
Vaults:3: gammafunk_ghost_arena, v_misc_12, minmay_crypt_entry_simple_box,
          nicolae_vaults_shelves_hall, vaults_room_corners,
          dpeg_vaults_monster_box, nicolae_vaults_little_ls, vaults_mumra_lcd,
          nicolae_vaults_windows_and_doors_thing, v_misc_10,
          nicolae_vaults_little_squares_1, nicolae_vaults_angled_halls,
          layout_vaults_omnigrid, uniq_zenata, uniq_aizul
Vaults:4: vaults_mumra_hex, v_misc_16, v_misc_18, hangedman_vaults_nodes,
          st_lattice, nicolae_vaults_little_squares_5, vaults_room_hallway,
          ontoclasm_vaults_hangar, vaults_dpeg_diagonal,
          vaults_room_mumra_shop_pool, layout_vaults_omnicross, serial_shops,
          bzr_firewalk, nicolae_shop_temple_entry_statues_fountains, shop, shop,
          nicolae_shop_temple_entry_statues_fountains

Notes
Turn   | Place    | Note
-------+----------+-------------------------------------------
     0 | D:1      | demibob the Hill Orc Wanderer began the quest for the Orb.
     0 | D:1      | demibob set off with the following items: a +3
                  | quarterstaff, a scroll of fear, a +0 leather armour; and
                  | the following spell memorised: Foxfire; and the following
                  | spells available to memorise: Ignite Poison.
     0 | D:1      | Reached XP level 1. HP: 18/18 MP: 3/3
    41 | D:1      | Reached skill level 3 in Staves
    66 | D:1      | Found a faded altar of an unknown god.
   281 | D:1      | Reached XP level 2. HP: 24/25 MP: 4/4
   656 | D:1      | Reached XP level 3. HP: 30/30 MP: 5/5
   785 | D:1      | Reached skill level 4 in Staves
  1425 | D:2      | Reached XP level 4. HP: 26/37 MP: 6/6
  2457 | D:3      | Reached XP level 5. HP: 42/42 MP: 7/7
  2470 | D:3      | Reached skill level 5 in Staves
  2655 | D:4      | Reached skill level 2 in Armour
  2664 | D:4      | Found a glowing drain.
  2675 | D:4      | Identified the +2 helmet of Vigorous {rC+}
  2697 | Sewer    | Entered a sewer
  2784 | Sewer    | Noticed a kobold brigand
  2900 | Sewer    | Noticed a kobold brigand
  2946 | Sewer    | Killed a kobold brigand
  2947 | Sewer    | Reached skill level 3 in Armour
  2947 | Sewer    | Reached XP level 6. HP: 31/50 MP: 5/8
  3089 | Sewer    | Found a glowing silver altar of Zin.
  3332 | D:4      | Reached skill level 4 in Armour
  3492 | D:4      | Found an ornate altar of the Wu Jian Council.
  3626 | D:4      | Reached skill level 6 in Staves
  3626 | D:4      | Reached XP level 7. HP: 52/56 MP: 7/9
  3785 | D:5      | Entered Level 5 of the Dungeon
  3865 | D:4      | Reached skill level 1 in Axes
  3989 | D:5      | Reached skill level 2 in Axes
  4057 | D:5      | Reached skill level 3 in Axes
  4077 | D:5      | Reached skill level 5 in Armour
  4087 | D:5      | Found a hide-covered altar of Uskayaw.
  4159 | D:5      | Reached skill level 4 in Axes
  4199 | D:5      | Reached XP level 8. HP: 40/62 MP: 7/10
  4324 | D:5      | Reached skill level 5 in Axes
  4420 | D:5      | Reached skill level 6 in Axes
  4439 | D:5      | Reached skill level 6 in Armour
  4456 | D:5      | Found a basalt altar of Yredelemnul.
  4494 | D:5      | Reached skill level 7 in Axes
  4880 | D:5      | Reached skill level 8 in Axes
  4987 | D:5      | Reached XP level 9. HP: 60/68 MP: 8/11
  4990 | D:5      | Reached skill level 9 in Axes
  4990 | D:5      | Reached skill level 7 in Armour
  5451 | D:5      | Reached skill level 10 in Axes
  5516 | D:5      | Found an opulent altar of Gozag.
  5559 | D:5      | Found a snail-covered altar of Cheibriados.
  5827 | D:6      | Found a hazy altar of Hepliaklqana.
  6107 | D:6      | Reached skill level 11 in Axes
  6107 | D:6      | Reached skill level 8 in Armour
  6574 | D:6      | Found a sacrificial altar of Ru.
  7147 | D:7      | Found Xebueg's Assorted Antiques.
  7167 | D:7      | Bought a scroll labelled PUKLOUDGHIA for 33 gold pieces
  7167 | D:7      | Bought a war axe for 115 gold pieces
  7193 | D:7      | Reached skill level 12 in Axes
  7275 | D:7      | Found a staircase to the Ecumenical Temple.
  7366 | Temple   | Entered the Ecumenical Temple
  7642 | D:7      | Reached XP level 10. HP: 60/74 MP: 8/12
  7705 | D:7      | Found Ykhliuwka's Jewellery Emporium.
  7706 | D:7      | Found Teocan's Weapon Shop.
  7785 | D:7      | Found a shimmering altar of Xom.
  7878 | D:7      | Reached skill level 9 in Armour
  7878 | D:7      | Found Seitun's Antique Armour Shop.
  8040 | D:7      | Reached skill level 13 in Axes
  8483 | D:7      | Bought a pair of embroidered boots for 232 gold pieces
  8638 | D:8      | Found a flagged portal.
  8643 | Bailey   | Entered a bailey
  8938 | Bailey   | Reached skill level 3 in Fighting
  9249 | Bailey   | Identified the +1 plate armour "Uludaj" {Drain Int-5 Dex+7
                  | Slay+2}
  9264 | Bailey   | Noticed an orc knight
  9276 | Bailey   | Reached skill level 14 in Axes
  9283 | Bailey   | Killed an orc knight
  9288 | Bailey   | Identified the amulet "Oryileel" {RegenMP Drain Fly Str+6
                  | Dex+3}
  9300 | Bailey   | Acquired 816 gold pieces
  9598 | D:8      | Reached skill level 4 in Fighting
  9663 | D:8      | Noticed Maggie
  9672 | D:8      | Killed Maggie
  9673 | D:8      | Reached skill level 10 in Armour
 10155 | D:9      | Identified the +3 hat of Minor Irritation {Rampage Regen+
                  | Stlth-}
 10200 | D:9      | Noticed a death yak
 10204 | D:9      | Noticed a death yak
 10217 | D:9      | Noticed a death yak
 10217 | D:9      | Killed a death yak
 10218 | D:9      | Reached skill level 5 in Fighting
 10218 | D:9      | Reached skill level 15 in Axes
 10218 | D:9      | Reached XP level 11. HP: 48/88 MP: 13/13
 10228 | D:9      | Killed a death yak
 10282 | D:9      | Killed a death yak
 10319 | D:9      | Found a staircase to the Lair.
 10416 | D:9      | Found a white marble altar of Elyvilon.
 10496 | D:9      | Found a broken altar of Ashenzari.
 10499 | D:9      | Paralysed by a hornet for 1 turns
 10728 | D:10     | Entered Level 10 of the Dungeon
 10740 | D:10     | Reached skill level 6 in Fighting
 10741 | D:10     | Found an iron altar of Okawaru.
 10746 | D:10     | Became a worshipper of Warmaster Okawaru
 10755 | D:10     | Noticed a two-headed ogre
 10766 | D:10     | Killed a two-headed ogre
 11151 | D:10     | Reached * piety under Okawaru
 11312 | D:10     | Found a staircase to the Orcish Mines.
 11358 | D:10     | Reached skill level 16 in Axes
 11379 | D:10     | Reached skill level 11 in Armour
 11485 | Lair:1   | Entered Level 1 of the Lair of Beasts
 11553 | Lair:1   | Reached ** piety under Okawaru
 11639 | Lair:1   | Reached skill level 7 in Fighting
 11757 | Lair:1   | Reached *** piety under Okawaru
 11799 | Lair:1   | Identified the +8 long sword "Noas" {flame, Fly rF+ Int+2
                  | SInv}
 11831 | Lair:1   | Identified the +1 great sword "Worm" {pain, rCorr}
 12073 | Lair:1   | Found a dark tunnel.
 12091 | Volcano  | Entered a volcano
 12142 | Volcano  | Reached XP level 12. HP: 64/88 MP: 14/14
 12146 | Volcano  | Reached skill level 17 in Axes
 12257 | Volcano  | Noticed a stone giant
 12274 | Volcano  | Reached skill level 2 in Dodging
 12277 | Volcano  | Killed a stone giant
 12277 | Volcano  | Reached **** piety under Okawaru
 12278 | Volcano  | Reached skill level 8 in Fighting
 12278 | Volcano  | Found a burning altar of Makhleb.
 12635 | D:7      | Bought the ring of Vuebadd {rPois rF+} for 579 gold pieces
 13089 | Lair:2   | Found a hole to the Spider Nest.
 13111 | Lair:2   | Reached skill level 3 in Dodging
 13145 | Lair:2   | Identified the staff of earth "Ryam" {Fly Will+ Str+2
                  | Dex+3}
 13281 | Lair:2   | Reached skill level 18 in Axes
 13891 | Lair:3   | Reached ***** piety under Okawaru
 13915 | Lair:3   | Reached skill level 9 in Fighting
 14129 | Lair:3   | Received a gift from Okawaru
 14130 | Lair:3   | Reached skill level 4 in Dodging
 14331 | Lair:3   | Found a staircase to the Swamp.
 14761 | Lair:4   | Reached skill level 19 in Axes
 14763 | Lair:4   | Reached XP level 13. HP: 82/113 MP: 15/15
 14925 | Lair:4   | Reached skill level 10 in Fighting
 14942 | Lair:4   | Identified the +9 executioner's axe of Von Moyl {antimagic,
                  | rCorr Int+2 Dex+3} (Okawaru gifted it to you on level 4 of
                  | the Lair of Beasts)
 14942 | Lair:4   | Received a gift from Okawaru
 14944 | Lair:4   | >>lol
 15179 | Lair:4   | Reached skill level 5 in Dodging
 15679 | Lair:4   | Reached skill level 20 in Axes
 16198 | Lair:5   | Entered Level 5 of the Lair of Beasts
 16312 | Lair:5   | Reached ****** piety under Okawaru
 16312 | Lair:5   | Identified the +1 pair of boots "Bawkamiah" {rF- Int+5
                  | Stlth+} (Okawaru gifted it to you on level 5 of the Lair of
                  | Beasts)
 16312 | Lair:5   | Received a gift from Okawaru
 16326 | Lair:5   | Reached skill level 11 in Fighting
 16357 | Lair:5   | Reached skill level 6 in Dodging
 16561 | Lair:5   | Reached skill level 21 in Axes
 16562 | Lair:5   | Reached XP level 14. HP: 70/125 MP: 16/16
 17045 | Lair:5   | Found a staircase to the Slime Pits.
 17118 | Lair:5   | Reached skill level 12 in Fighting
 17607 | Lair:5   | Found a runed translucent door.
 17717 | Lair:5   | Reached skill level 7 in Dodging
 17852 | Lair:5   | Paralysed by a hornet for 1 turns
 17866 | Lair:5   | Reached skill level 1 in Invocations
 18095 | Lair:5   | Received a gift from Okawaru
 18096 | Lair:5   | Reached skill level 22 in Axes
 18218 | Lair:5   | Reached skill level 2 in Invocations
 18702 | Lair:5   | Reached skill level 3 in Invocations
 19024 | Orc:1    | Entered Level 1 of the Orcish Mines
 19033 | Orc:1    | Noticed Fannar
 19041 | Orc:1    | Killed Fannar
 19042 | Orc:1    | Reached skill level 4 in Invocations
 19258 | Orc:2    | Entered Level 2 of the Orcish Mines
 19258 | Orc:2    | Found a staircase to the Elven Halls.
 19263 | Orc:2    | Received a gift from Okawaru
 19293 | Orc:2    | Noticed Maurice
 19318 | Orc:2    | Killed Maurice
 19519 | Orc:1    | Reached skill level 5 in Invocations
 19888 | Orc:2    | Found a frozen archway.
 20131 | Orc:2    | Reached XP level 15. HP: 112/134 MP: 17/19
 20151 | Orc:2    | Reached skill level 23 in Axes
 20151 | Orc:2    | Paralysed by an orc sorcerer for 5 turns
 20615 | Orc:2    | Found Xugguess's Antique Armour Shop.
 20615 | Orc:2    | Found Mucw's Magic Scroll Shop.
 20616 | Orc:2    | Found Teishruibb's Distillery.
 20620 | Orc:2    | Found Assuimed's Weapon Boutique.
 20629 | Orc:2    | Bought a potion of attraction for 36 gold pieces
 20775 | Orc:2    | Found a runed translucent gate.
 20775 | Orc:2    | Found a runed translucent gate.
 20775 | Orc:2    | Found a runed translucent gate.
 20776 | Orc:2    | Noticed Axe's ghost (journeyman MiFi)
 20893 | D:11     | Reached skill level 6 in Invocations
 21279 | D:11     | Identified a potion of resistance
 21555 | D:11     | >>neat
 21638 | D:12     | Noticed Jorgrun
 21649 | D:12     | Killed Jorgrun
 21649 | D:12     | Identified the +2 helmet "Vedi" {rN+} (Okawaru gifted it to
                  | you on level 12 of the Dungeon)
 21649 | D:12     | Received a gift from Okawaru
 22173 | D:12     | Reached skill level 7 in Invocations
 22230 | D:12     | Reached skill level 12 in Armour
 23092 | D:13     | Reached skill level 24 in Axes
 23144 | D:14     | Reached skill level 8 in Invocations
 23188 | D:14     | Found a radiant altar of Vehumet.
 23783 | D:14     | Noticed Josephine
 23789 | D:14     | Killed Josephine
 23790 | D:14     | Reached skill level 9 in Invocations
 24069 | D:14     | Reached skill level 13 in Armour
 24088 | D:14     | Reached skill level 8 in Dodging
 24140 | D:14     | Found a gate to the Vaults.
 24325 | D:14     | Reached XP level 16. HP: 114/141 MP: 7/23
 24331 | D:14     | Reached skill level 13 in Fighting
 24440 | D:14     | Found a transporter.
 24452 | D:14     | Noticed Iich's ghost (journeyman DsFi)
 24454 | D:14     | Found a bloodstained altar of Trog.
 24553 | D:14     | Found a transporter.
 24907 | D:15     | Entered Level 15 of the Dungeon
 24969 | D:15     | Noticed Rupert
 24992 | D:15     | Killed Rupert
 25222 | D:15     | Found a staircase to the Depths.
 25233 | D:15     | Received a gift from Okawaru
 25233 | D:15     | Found the +2 shield of Resistance {rF++ rC++ Will++}
 25684 | D:15     | Found a portal to a secret trove of treasure.
 25733 | D:15     | Reached skill level 14 in Fighting
 26120 | D:15     | Found a sparkling altar of Nemelex Xobeh.
 26398 | Spider:1 | Entered Level 1 of the Spider Nest
 26978 | Spider:1 | Reached skill level 14 in Armour
 26981 | Spider:1 | Reached skill level 1 in Evocations
 26990 | Spider:1 | Reached skill level 15 in Fighting
 27759 | Spider:2 | Reached skill level 2 in Evocations
 27910 | Spider:2 | Noticed Kirke
 28089 | Spider:2 | Killed Kirke
 29034 | Spider:3 | Reached skill level 3 in Evocations
 29384 | Spider:3 | Received a gift from Okawaru
 29401 | Spider:3 | Reached skill level 16 in Fighting
 29626 | Spider:3 | Reached skill level 4 in Evocations
 29747 | Spider:3 | Reached XP level 17. HP: 149/158 MP: 8/24
 29909 | Spider:3 | Found a runed translucent door.
 29910 | Spider:3 | Noticed jasper's ghost (adept DsBe)
 30465 | Spider:3 | Reached skill level 5 in Evocations
 30471 | Spider:3 | Reached skill level 15 in Armour
 30587 | Spider:3 | Identified the +4 hand axe of the Middle {pain, Int+3}
                  | (Okawaru gifted it to you on level 3 of the Spider Nest)
 30587 | Spider:3 | Received a gift from Okawaru
 30592 | Spider:3 | Noticed Agnes
 30603 | Spider:3 | Killed Agnes
 31061 | Spider:4 | Entered Level 4 of the Spider Nest
 31147 | Spider:4 | Reached skill level 6 in Evocations
 31485 | Spider:4 | Reached skill level 17 in Fighting
 31685 | Spider:4 | Identified the +11 quarterstaff "Quocueck" {venom, rC+
                  | Int+3} (Okawaru gifted it to you on level 4 of the Spider
                  | Nest)
 31685 | Spider:4 | Received a gift from Okawaru
 31692 | Spider:4 | Noticed Nikola
 31704 | Spider:4 | Killed Nikola
 31997 | Spider:3 | >>lol
 32034 | Spider:4 | Reached skill level 7 in Evocations
 32453 | Spider:4 | Received a gift from Okawaru
 32576 | Spider:4 | Got a gossamer rune of Zot
 32665 | Spider:4 | Noticed Arachne
 32681 | Spider:4 | Killed Arachne
 32682 | Spider:4 | Reached skill level 16 in Armour
 33032 | Spider:4 | Reached skill level 8 in Evocations
 33585 | Vaults:1 | Entered Level 1 of the Vaults
 33591 | Vaults:1 | Reached XP level 18. HP: 148/171 MP: 8/25
 33610 | Vaults:1 | Reached skill level 18 in Fighting
 33937 | Vaults:1 | Identified the +10 plate armour "Sasit" {rPois} (Okawaru
                  | gifted it to you on level 1 of the Vaults)
 33937 | Vaults:1 | Received a gift from Okawaru
 34253 | Vaults:1 | Reached skill level 17 in Armour
 34345 | Vaults:1 | Identified the +1 leather armour "Hethrali" {rPois Stlth+}
 34914 | Vaults:1 | Reached skill level 19 in Fighting
 36144 | Vaults:2 | Received a gift from Okawaru
 36253 | Vaults:2 | Reached skill level 18 in Armour
 36578 | Vaults:2 | Reached skill level 20 in Fighting
 36661 | Vaults:2 | Reached XP level 19. HP: 126/185 MP: 8/26
 37181 | Vaults:3 | Noticed Zenata
 37200 | Vaults:2 | Killed Zenata
 37717 | Vaults:3 | Noticed jejorda2's ghost (adept MfBe)
 37727 | Vaults:3 | Found a transporter.
 37856 | Vaults:3 | Found a transporter.
 38158 | Vaults:3 | Received a gift from Okawaru
 38158 | Vaults:3 | Found the +15 Maxwell's patent armour {-Cast -Tele rElec
                  | Will+ rCorr}
 38235 | Vaults:3 | Reached skill level 9 in Dodging
 38569 | Vaults:3 | Reached skill level 19 in Armour
 38571 | Vaults:3 | Noticed Aizul
 38585 | Vaults:3 | Killed Aizul
 39245 | Vaults:3 | Reached skill level 21 in Fighting
 39602 | Vaults:3 | Found a staircase to the Crypt.
 39631 | Vaults:3 | Received a gift from Okawaru
 39851 | Vaults:4 | Found Mehykh's Book Shop.
 39857 | Vaults:4 | Bought a manual of Armour for 1360 gold pieces
 40058 | Vaults:4 | Identified the +2 chain mail "Poekybb" {rElec rC+}
 40305 | Vaults:4 | Reached skill level 10 in Dodging
 40507 | Vaults:4 | Reached XP level 20. HP: 186/198 MP: 9/27
 40630 | Vaults:4 | Reached skill level 20 in Armour
 40739 | Vaults:4 | Received a gift from Okawaru
 41132 | Vaults:4 | Identified the +0 chain mail of Dyspraxia {Will+ Str+4}
 41186 | Vaults:4 | Found Fysori's Distillery.
 41187 | Vaults:4 | Found Xistufur's Book Emporium.
 41193 | Vaults:4 | Bought a potion of curing for 39 gold pieces
 41193 | Vaults:4 | Bought a potion of curing for 39 gold pieces
 41193 | Vaults:4 | Bought a potion of cancellation for 104 gold pieces
 41193 | Vaults:4 | Bought a potion of resistance for 130 gold pieces
 41222 | Vaults:4 | Found Qiafig's Armour Emporium.
 41265 | Vaults:4 | Found Aborhy's Book Emporium.
 41758 | Swamp:1  | Entered Level 1 of the Swamp
 43531 | Swamp:4  | Entered Level 4 of the Swamp
 43535 | Swamp:4  | Reached skill level 22 in Fighting
 43551 | Swamp:4  | Reached skill level 21 in Armour
 43582 | Swamp:4  | Received a gift from Okawaru
 43695 | Swamp:4  | Noticed ytrimaz's ghost (adept DrCj)
 43744 | Swamp:4  | Found a transporter.
 43853 | Swamp:4  | Found a transporter.
 44695 | Swamp:4  | Identified the +0 plate armour of Intense the Leaf {Int+4}
 44746 | Swamp:4  | Reached skill level 25 in Axes
 44870 | Swamp:4  | Got a decaying rune of Zot
 45127 | Elf:1    | Entered Level 1 of the Elven Halls
 45189 | Elf:1    | Found Poal's Book Shop.
 45572 | Elf:1    | Got Rutosamiru's Thoughts on Blasphemous Mysteries
 45763 | Elf:1    | Reached skill level 22 in Armour
 45797 | Elf:1    | Received a gift from Okawaru
 45981 | Elf:1    | Reached XP level 21. HP: 203/209 MP: 9/28
 46735 | Elf:2    | Paralysed by an air elemental for 1 turns
 46737 | Elf:2    | Paralysed by an air elemental for 1 turns
 47040 | Elf:2    | Paralysed by an air elemental for 1 turns
 47278 | Elf:2    | Found a runed translucent gate.
 47279 | Elf:2    | Found a runed translucent gate.
 47280 | Elf:2    | Found a runed translucent gate.
 47426 | Elf:3    | Entered Level 3 of the Elven Halls
 47512 | Elf:3    | Reached skill level 23 in Fighting
 47574 | Elf:3    | Found Lafoanuo's Book Boutique.
 47695 | Elf:3    | Identified the +0 pair of gloves of Submission {rC- rN+
                  | Str+3 Dex+3} (Okawaru gifted it to you on level 3 of the
                  | Elven Halls)
 47695 | Elf:3    | Received a gift from Okawaru
 47907 | Elf:3    | Found a runed translucent gate.
 47907 | Elf:3    | Found a runed translucent gate.
 47907 | Elf:3    | Found a runed translucent gate.
 48019 | Elf:3    | Noticed Mayja's ghost (veteran DDBe)
 48022 | Elf:3    | Found a viscous altar of Jiyva.
 48168 | Elf:3    | You are cast into the Abyss!
 48168 | Abyss:2  | Cast into level 2 of the Abyss (a deep elf sorcerer)
 48910 | Elf:3    | You pass through the gate.
 48910 | Elf:3    | Escaped the Abyss
 48930 | Elf:3    | HP: 16/211 [deep elf annihilator/crystal spear (57)]
 48933 | Elf:3    | >>game over lol
 48933 | Elf:3    | Killed from afar by a deep elf high priest

Vanquished Creatures
  Nikola (Spider:4)
  Arachne (Spider:4)
  Jorgrun (D:12)
  Zenata (Vaults:2)
  Rupert (D:15)
  3 sphinxes
  3 tentacled starspawn (Abyss:2)
  Agnes (Spider:3)
  Kirke (Spider:2)
  A daeva (Abyss:2)
  2 revenants
  A storm dragon (Vaults:4)
  3 thorn hunters (Swamp:4)
  2 deep elf sorcerers (Elf:3)
  9 vault wardens
  4 emperor scorpions
  2 ghost moths
  Aizul (Vaults:3)
  An orc warlord (Vaults:4)
  2 broodmothers
  8 very ugly things
  8 ironbound preservers
  A vampire knight (Vaults:3)
  A stone giant (Volcano)
  5 ironbound thunderhulks
  3 bunyips
  2 deep elf annihilators (Elf:3)
  3 eleionomae
  16 dire elephants
  4 spark wasps
  2 deep elf demonologists
  3 deep elf death magi
  3 fire dragons
  A deep elf high priest (Elf:3)
  2 great orbs of eyes
  5 yaktaur captains
  2 shambling mangroves
  Josephine (D:14)
  7 entropy weavers
  16 hydras
  3 ghost crabs
  Fannar (Orc:1)
  3 ironbound frosthearts
  2 jorogumos (Spider:3)
  10 vault guards
  6 alligators
  5 radroaches
  15 centaur warriors
  16 boulder beetles
  5 two-headed ogres
  17 death yaks
  2 tengu warriors (D:13)
  A vampire mage (Vaults:3)
  13 dancing weapons
  An orc high priest (Orc:2)
  A spriggan berserker (Swamp:4)
  10 deep elf knights
  A skyshark (Lair:4)
  6 skeletal warriors (D:14)
  A soul eater (Abyss:2)
  3 pharaoh ants
  24 deep trolls
  7 goliath frogs
  4 sun moths
  5 orb spiders
  A glowing orange brain (Vaults:2)
  A spriggan druid (Swamp:2)
  A swamp dragon (shapeshifter) (D:15)
  17 lindwurms
  7 bog bodies
  11 swamp dragons
  11 wizards
  7 deep elf archers
  3 harpies (Vaults:2)
  7 necromancers
  13 ironbound convokers
  11 steelbarb worms
  15 deep elf pyromancers
  16 deep elf zephyrmancers
  2 fire giant zombies (Vaults:3)
  A wolf spider zombie (D:15)
  4 orc knights
  26 ugly things
  20 wolf spiders
  7 cyclopes
  A stone giant zombie (Vaults:3)
  8 orc sorcerers
  A frost giant zombie (Vaults:3)
  7 manticores
  5 will-o-the-wisps
  A shining eye (Abyss:2)
  4 elephants (Lair:4)
  A worldbinder (Abyss:2)
  Maurice (Orc:2)
  2 moths of wrath
  6 black mambas
  15 torpor snails
  4 centaur skeletons (D:15)
  2 naga magi (D:15)
  12 demonic crawlers
  11 vault sentinels
  An elf skeleton (Vaults:3)
  2 gargoyles
  11 cane toads
  A smoke demon (Abyss:2)
  3 orange demons
  A rime drake (Lair:5)
  Maggie (D:8)
  5 large abominations
  An efreet (Volcano)
  A tormentor (Abyss:2)
  10 komodo dragons
  A freezing wraith (Vaults:4)
  An unseen horror (D:13)
  A rime drake (shapeshifter) (D:14)
  28 yaktaurs
  A tengu conjurer (D:13)
  3 ancient zymes
  A yaktaur skeleton (Vaults:3)
  3 bloated husks
  4 meliai (Spider:4)
  7 trolls
  9 tyrant leeches
  A queen bee (Spider:4)
  A hornet (shapeshifter) (Abyss:2)
  A polar bear (Lair:3)
  24 tarantellas
  12 blink frogs
  9 raiju (Abyss:2)
  14 hornets
  16 dream sheep (Lair:4)
  A flying skull (Abyss:2)
  5 shadows
  19 jumping spiders
  A vampire (D:12)
  A jumping spider (shapeshifter) (D:15)
  A water elemental (Elf:1)
  8 wraiths
  18 culicivoras
  22 slime creatures
  5 spriggans
  3 air elementals
  2 wyverns
  11 fire bats
  A human (Spider:2)
  56 yaks
  4 hogs (Spider:2)
  2 basilisks
  A human (shapeshifter) (D:14)
  2 chaos spawn (Abyss:2)
  12 starcursed masses (Abyss:2)
  4 steam dragons
  A neqoxec (Abyss:2)
  27 redbacks
  8 vampire mosquitoes
  A small abomination (Abyss:2)
  20 swamp worms
  4 acid dragons
  10 water moccasins
  5 swamp drakes (Swamp:4)
  4 ice beasts
  3 sky beasts
  3 black bears
  31 orc warriors
  An ettin simulacrum (Vaults:3)
  8 centaurs
  11 ogres
  4 boggarts
  3 wolves (Lair:3)
  3 phantoms
  4 kobold brigands
  2 elf zombies (Elf:1)
  7 bullfrogs
  A necrophage (D:5)
  4 earth elementals
  A gnoll sergeant (D:6)
  6 scorpions
  A water moccasin zombie (D:5)
  17 wights
  25 killer bees
  2 electric eels
  9 lava snakes (Volcano)
  2 quasits (Abyss:2)
  A centaur zombie (D:5)
  5 hounds
  A human simulacrum (Vaults:3)
  3 iron imps
  A bullfrog zombie (D:5)
  6 jellies
  13 orc priests
  2 human zombies
  2 gnoll boudas (D:4)
  5 iguanas
  4 sleepcaps
  22 orc wizards
  2 scorpion zombies (D:5)
  A spriggan simulacrum (Orc:2)
  5 hell rats (Lair:1)
  2 troll simulacra (Orc:2)
  A wolf simulacrum (Orc:2)
  A hound zombie (D:5)
  2 mummies (D:5)
  A howler monkey zombie (D:5)
  10 gnolls
  10 adders
  4 naga simulacra (Orc:2)
  3 river rats (Sewer)
  2 shadow imps
  4 white imps
  An ufetubus (D:5)
  6 dart slugs
  76 orcs
  9 ball pythons
  5 bats
  6 endoplasms
  3 giant cockroaches
  9 hobgoblins
  11 jackals
  12 quokkas
  5 frilled lizards
  10 goblins
  25 kobolds
  9 rats
  A starspawn tentacle (Abyss:2)
1440 creatures vanquished.

Vanquished Creatures (others)
  An alligator (Swamp:4)
  A radroach (Spider:4)
  A steelbarb worm (Spider:4)
  A deep elf zephyrmancer (Elf:1)
  A tarantella (Spider:4)
  A tyrant leech (Swamp:1)
  A ynoxinul (Abyss:2)
  A swamp drake (Swamp:2)
  2 small abominations (Abyss:2)
  A scorpion (Elf:2)
  A killer bee (Spider:4)
  2 foxfires (Swamp:4)
  21 fungi
  36 plants
  A starspawn tentacle (Abyss:2)
72 creatures vanquished.

Grand Total: 1512 creatures vanquished

Table legend: (Time is in decaauts)
 A = Elapsed time spent in this place.
 B = Non-inter-level travel time spent in this place.
 C = Inter-level travel time spent in this place.
 D = Time resting spent in this place.
 E = Time spent auto-exploring this place.
 F = Levels seen in this place.
 G = Mean time per level.
                   A        B        C        D        E       F      G
               +--------+--------+--------+--------+--------+-----+--------+
         Total |  48085 |  45208 |   2877 |   7270 |  30915 |  42 | 1144.9 |
       Dungeon |  15984 |  14626 |   1358 |   1554 |  10725 |  15 | 1065.6 |
        Temple |    211 |    189 |     22 |      0 |    185 |   1 |  211.0 |
          Lair |   7065 |   6457 |    608 |    932 |   4604 |   5 | 1413.0 |
         Swamp |   3076 |   2917 |    159 |    244 |   2188 |   4 |  769.0 |
   Spider Nest |   6866 |   6675 |    191 |   2212 |   3532 |   4 | 1716.5 |
  Orcish Mines |   1789 |   1677 |    112 |    458 |    833 |   2 |  894.5 |
   Elven Halls |   2996 |   2890 |    106 |    215 |   2340 |   3 |  998.7 |
        Vaults |   7753 |   7434 |    319 |   1178 |   5366 |   4 | 1938.2 |
         Abyss |    697 |    697 |      0 |     19 |    465 |   1 |  697.0 |
         Sewer |    520 |    520 |      0 |    109 |    248 |   1 |  520.0 |
        Bailey |    755 |    755 |      0 |    328 |    266 |   1 |  755.0 |
       Volcano |    368 |    368 |      0 |     20 |    161 |   1 |  368.0 |
               +--------+--------+--------+--------+--------+-----+--------+

Top non-repeatable levels by time:
Vaults:3: 2668 daAuts
Spider:3: 2657 daAuts
  Lair:5: 2516 daAuts
Vaults:1: 1916 daAuts
     D:5: 1863 daAuts
Vaults:2: 1704 daAuts
Spider:4: 1603 daAuts
  Lair:4: 1522 daAuts
    D:14: 1505 daAuts
   Elf:1: 1466 daAuts
Vaults:4: 1465 daAuts
Spider:1: 1417 daAuts
     D:6: 1363 daAuts
 Swamp:4: 1331 daAuts
    D:15: 1300 daAuts

Table legend:
 A = Non-vault XP
 B = Vault XP
 C = Vault XP percentage of total XP
 D = Non-vault monster count
 E = Vault monster count
 F = Vault count percentage of total count
                 A         B        C        D         E       F
            +---------+---------+-------+---------+---------+-------
      Total |  344029 |  209281 |  37.8 |     934 |     513 |  35.5
            +---------+---------+-------+---------+---------+-------
        D:1 |      62 |       0 |   0.0 |      33 |       0 |   0.0
        D:2 |      78 |       0 |   0.0 |      17 |       0 |   0.0
        D:3 |      40 |       0 |   0.0 |      15 |       0 |   0.0
        D:4 |     353 |      14 |   3.8 |      22 |       1 |   4.3
        D:5 |     701 |    1527 |  68.5 |      27 |      33 |  55.0
        D:6 |    1278 |       0 |   0.0 |      20 |       0 |   0.0
        D:7 |    1562 |     216 |  12.1 |      16 |       4 |  20.0
        D:8 |     901 |     397 |  30.6 |      14 |       5 |  26.3
        D:9 |     671 |    2465 |  78.6 |      14 |      11 |  44.0
       D:10 |    2815 |       0 |   0.0 |      12 |       0 |   0.0
       D:11 |    2656 |       0 |   0.0 |      19 |       0 |   0.0
       D:12 |    6532 |    1904 |  22.6 |      26 |       1 |   3.7
       D:13 |    9644 |       0 |   0.0 |      23 |       0 |   0.0
       D:14 |    7153 |   11674 |  62.0 |      12 |      32 |  72.7
       D:15 |    4831 |    8389 |  63.5 |       9 |      13 |  59.1
     Lair:1 |    2409 |       0 |   0.0 |      14 |       0 |   0.0
     Lair:2 |    2658 |    1447 |  35.2 |       8 |       7 |  46.7
     Lair:3 |    2708 |    2445 |  47.4 |      11 |       9 |  45.0
     Lair:4 |   12550 |       0 |   0.0 |      40 |       0 |   0.0
     Lair:5 |   20199 |   13850 |  40.7 |      53 |      39 |  42.4
    Swamp:1 |    6715 |       0 |   0.0 |      17 |       0 |   0.0
    Swamp:2 |    9578 |       0 |   0.0 |      17 |       0 |   0.0
    Swamp:3 |   10788 |       0 |   0.0 |      20 |       0 |   0.0
    Swamp:4 |   12381 |   21365 |  63.3 |      26 |      31 |  54.4
   Spider:1 |   10532 |    4789 |  31.3 |      27 |       6 |  18.2
   Spider:2 |    8115 |    2264 |  21.8 |      19 |       5 |  20.8
   Spider:3 |   21821 |    4838 |  18.1 |      52 |       9 |  14.8
   Spider:4 |   20089 |   27471 |  57.8 |      47 |      58 |  55.2
      Orc:1 |    1872 |    2749 |  59.5 |      24 |      19 |  44.2
      Orc:2 |    3809 |    5306 |  58.2 |      16 |      46 |  74.2
      Elf:1 |    9571 |    9684 |  50.3 |      15 |      17 |  53.1
      Elf:2 |   17705 |    3081 |  14.8 |      26 |      10 |  27.8
      Elf:3 |    8720 |    6454 |  42.5 |      15 |       6 |  28.6
   Vaults:1 |   24293 |   13427 |  35.6 |      36 |      20 |  35.7
   Vaults:2 |   23019 |   21028 |  47.7 |      30 |      30 |  50.0
   Vaults:3 |   39596 |   20402 |  34.0 |      59 |      25 |  29.8
   Vaults:4 |   13984 |   16187 |  53.7 |      26 |      20 |  43.5
    Abyss:2 |   21640 |       0 |   0.0 |      57 |       0 |   0.0
      Sewer |       0 |     244 | 100.0 |       0 |      14 | 100.0
     Bailey |       0 |    1777 | 100.0 |       0 |      21 | 100.0
    Volcano |       0 |    3887 | 100.0 |       0 |      21 | 100.0
            +---------+---------+-------+---------+---------+-------
